AoeStats
← WolfAtic

African Clearing

510490086Analyzed
4v4 RM · 17h ago on Oct 1, 2026· 45m 30s· 8 players
Game mode
Random Map
Map size
Large (8 player)
Population
200
Speed
Normal
Resources
Standard
Victory
Conquest
Starting age
Dark Age
Ending age
Imperial Age
RankedLock teamsTeams togetherTeam positionsShared explorationLock speedFull tech treeHidden civsTurbo modeCheats
Victory
Defeat
🇨🇳 Spanish · China
1218
+14
🇩🇪 Malians · Germany
1172
+15
🇳🇴 Varangians · Norway
1134
+17
🇰🇬 Britons · Kyrgyzstan
1134
+17
🇹🇼 Goths · Taiwan
1172
-16
🇺🇸 Franks · United States
1166
-16
🇨🇳 Huns · China
1165
-16
🇭🇰 Mongols · Hong Kong SAR China
1132
-15
ledoanh96
lxc
慈溪牛牛
14:21 Feudal Age
12:58 Loom
18:08 Castle Age
17:24 Double-Bit Axe
27:12 Bloodlines
27:44 Bow Saw
28:19 Fletching
28:30 Padded Archer Armor
28:51 Gold Mining
28:52 Stone Mining
31:13 Wheelbarrow
35:18 Imperial Age
33:46 Ballistics
34:46 Thumb Ring
36:30 Parthian Tactics
36:04 Bodkin Arrow
37:35 Elite Mangudai
38:36 Conscription
38:35 Leather Archer Armor
41:05 Hoardings
40:37 Bracer
46:03 Stone Shaft Mining
PERCENT5175
钓你吗钓
Te0n
25:19 Feudal Age
27:52 Double-Bit Axe
27:51 Horse Collar
31:35 Loom
34:49 Castle Age
36:18 Bow Saw
39:27 Fletching
Idle
WolfAtic
5:16 Loom
15:20 Feudal Age
16:16 Horse Collar
16:23 Double-Bit Axe
23:31 Castle Age
23:07 Stone Mining
23:08 Gold Mining
24:52 Bow Saw
24:43 Heavy Plow
25:05 Husbandry
25:16 Bloodlines
32:24 Imperial Age
31:09 Stone Shaft Mining
33:34 Conscription
35:11 Two-Man Saw
35:03 Conscription
35:10 Elite Jarl
37:47 Crop Rotation
38:44 Forging
38:40 Scale Barding Armor
39:32 Wheelbarrow
42:29 Iron Casting
42:14 Chain Barding Armor
43:58 Hand Cart
43:28 Town Watch
44:09 Siege Engineers
45:11 Chemistry
43:54 Treadmill Crane
44:27 Masonry
Connection lost

Rejoining the realm…

Still unreachable

The connection could not be restored.

Session expired

The server has moved on; the page needs a fresh start.